 Dungeon Crawl Stone Soup version 0.19-a0-291-ga637243 (webtiles) character file.

219 wvc the Slasher (level 5, -7/39 HPs)
             Began as a Demonspawn Wanderer on May 27, 2016.
             Was a Believer of Nemelex Xobeh.
             Mangled by a wraith (9 damage)
             ... in an ossuary.
             The game lasted 00:10:17 (3367 turns).

wvc the Slasher (Demonspawn Wanderer)               Turns: 3367, Time: 00:10:18

Health: -7/39      AC:  7    Str: 15    XL:     5   Next: 64%
Magic:  0/6        EV: 12    Int: 13    God:    Nemelex Xobeh [**....]
Gold:   166        SH:  0    Dex: 19    Spells: 1 memorised, 4 levels left

rFire  . . .     SeeInvis .     a - +2 falchion
rCold  . . .     Gourm    .     w - +0 ring mail "Miyneirr" {*Corrode Int+2 Dex+6 Stlth+} (curse)
rNeg   . . .     Faith    .     (no shield)
rPois  .         Spirit   +     (no helmet)
rElec  .         Dismiss  .     n - +1 cloak
rCorr  .         Reflect  .     (no gloves)
SustAt .         Harm     .     (no boots)
MR     .....                    (no amulet)
Stlth  ++........               (no ring)
                                (no ring)

@: very slightly contaminated, hasted and slowed, not resistant to hostile
enchantments, unstealthy
A: claws 1, hooves 1, magic shield, rot immunity
a: Renounce Religion


You were in an ossuary.
You worshipped Nemelex Xobeh.
Nemelex Xobeh was pleased with you.
You were not hungry.

You visited 1 branch of the dungeon, and saw 4 of its levels.
You also visited: Ossuary.

You collected 166 gold pieces.

Inventory:

Hand Weapons
 a - a +2 falchion (weapon)
 l - a +2 dagger of venom
 x - a +0 rapier
Missiles
 u - 13 poisoned needles
 E - 2 throwing nets (quivered)
Armour
 n - a +1 cloak (worn)
 w - the cursed +0 ring mail "Miyneirr" (worn) {*Corrode Int+2 Dex+6 Stlth+}
   (You found it on level 4 of the Dungeon)

   It affects your intelligence (+2).
   It affects your dexterity (+6).
   It may corrode you when you take damage.
   It makes you more stealthy.
   It has a curse placed upon it.
Jewellery
 y - an uncursed ring of fire {unknown}
Scrolls
 c - 4 scrolls of teleportation
 g - a scroll of noise
 h - a scroll of enchant armour
 k - 2 scrolls of remove curse
 t - a scroll of enchant weapon
 B - 2 scrolls of fear
Potions
 d - 2 potions of haste
 i - 2 potions of flight {unknown}
 j - a potion of lignification {unknown}
 m - a potion of degeneration {unknown}
 r - a potion of might {unknown}
 s - 2 potions of curing
 v - 2 potions of heal wounds {unknown}
 C - a potion of resistance {unknown}
Books
 b - the Catalogue of the Traveller

   Spells                             Type                      Level
   a - Shroud of Golubria             Charms/Translocation         2
   b - Blink                          Translocation                2
Miscellaneous
 e - a plain deck of war {drawn: 1}
 o - a plain deck of destruction
 p - a plain deck of escape
 D - a plain deck of escape
Comestibles
 f - 4 bread rations
 z - 2 meat rations
 A - a slice of pizza


   Skills:
 - Level 2.5 Fighting
 + Level 3.9 Long Blades
 - Level 0.5 Armour
 - Level 2.5 Dodging
   Level 1.7 Shields
 - Level 1.0 Spellcasting
   Level 1.7 Fire Magic
   Level 1.7 Earth Magic


You had 4 spell levels left.
You knew the following spells:

 Your Spells              Type           Power        Failure   Level  Hunger
a - Blink                 Tloc           N/A          86%         2    ###....


Dungeon Overview and Level Annotations

Branches:
Dungeon (4/15)
 Temple: D:4-7

Altars:
Fedhas
Nemelex Xobeh
Pakellas
Vehumet
Xom
Zin


Innate Abilities, Weirdness & Mutations

You have sharp fingernails.
When hurt, damage is shared between your health and your magic reserves.
You are immune to rotting.
You have large cloven feet.


Message History

* * * LOW HITPOINT WARNING * * *
You are too injured to fight recklessly!
You are too injured to fight recklessly!
Drink which item? (? for menu, Esc to quit)
You feel as though your hastened speed will last longer.
The wraith misses you.
You are too injured to fight recklessly!
You are too injured to fight recklessly!
You are too injured to fight recklessly!
You are too injured to fight recklessly!
You are too injured to fight recklessly!
You slash the wraith! You kick the wraith, but do no damage.
The wraith is heavily damaged.
The wraith closely misses you.
Evoke which item? (* to show all) (? for menu, Esc to quit)
You draw a card...
It is the Elements.
The wraith hits you!
* * * LOW HITPOINT WARNING * * *
The wraith hits you!
You die...
Your body disappears without a glow.

##+#### ..
....9.##
..##'##...##
.##...##W@.## .
##.?.!.##.B.# ..
#..??!..#.h.+
...##.???.##...#
#...##...##...##
. #...#####...##
... #.........##
....#####'#####.
.................


You could see a wraith, a friendly boulder beetle, a friendly polar bear and a
friendly molten gargoyle.

Vanquished Creatures
  A hound (D:4)
  A mummy (Ossuary)
  5 gnolls
  2 adders (D:2)
  2 oozes
  2 adder skeletons (D:4)
  4 worms
  6 dart slugs
  2 giant geckos
  2 orcs (D:3)
  2 ball pythons
  2 giant cockroaches
  11 goblins
  4 hobgoblins
  2 jackals (D:1)
  7 kobolds
  A quokka (D:2)
  3 bats
  2 giant newts
  3 gnoll skeletons (Ossuary)
  A jackal skeleton (D:4)
  3 kobold skeletons (Ossuary)
  3 orc skeletons (Ossuary)
  7 rats
78 creatures vanquished.

Notes
Turn   | Place    | Note
--------------------------------------------------------------
     0 | D:1      | wvc the Demonspawn Wanderer began the quest for the Orb.
     0 | D:1      | wvc set off with: a +2 falchion, the Catalogue of the Traveller, a scroll of teleportation, a +0 robe, a bread ration
     0 | D:1      | Reached XP level 1. HP: 15/15 MP: 2/2
     0 | D:1      | Identified the Catalogue of the Traveller
    34 | D:1      | Reached skill level 2 in Long Blades
   210 | D:1      | Gained mutation: When hurt, damage is shared between your health and your magic reserves. [demonic ancestry]
   210 | D:1      | Reached XP level 2. HP: 14/21 MP: 3/3
   695 | D:1      | Reached skill level 3 in Long Blades
   695 | D:1      | Reached XP level 3. HP: 23/26 MP: 4/4
   699 | D:1      | Learned a level 2 spell: Blink
   941 | D:2      | Found a faded altar to an unknown god.
   949 | D:2      | Found an oddly glowing altar of Pakellas.
   975 | D:2      | Became a worshipper of Nemelex Xobeh the Trickster
   975 | D:2      | Received a gift from Nemelex Xobeh
   975 | D:2      | Received a gift from Nemelex Xobeh
   975 | D:2      | Reached * piety under Nemelex Xobeh
  1070 | D:2      | Reached skill level 1 in Dodging
  1134 | D:2      | Gained mutation: You have sharp fingernails. [demonic ancestry]
  1134 | D:2      | Reached XP level 4. HP: 31/33 MP: 3/5
  2120 | D:3      | Gained mutation: You are immune to rotting. [demonic ancestry]
  2120 | D:3      | Reached XP level 5. HP: 17/38 MP: 3/6
  2345 | D:3      | Received a gift from Nemelex Xobeh
  2447 | D:3      | Reached ** piety under Nemelex Xobeh
  2540 | D:3      | Found a glowing silver altar of Zin.
  2540 | D:3      | Noticed an angel
  2543 | D:3      | Found a shimmering altar of Xom.
  2569 | D:3      | Found a blossoming altar of Fedhas.
  2709 | D:3      | Gained mutation: You have large cloven feet. [potion of beneficial mutation]
  2831 | D:4      | Got a transparent ring mail
  2845 | D:4      | Identified the cursed +0 ring mail "Miyneirr" {*Corrode Int+2 Dex+6 Stlth+} (You found it on level 4 of the Dungeon)
  2875 | D:4      | Received a gift from Nemelex Xobeh
  2896 | D:4      | Found a radiant altar of Vehumet.
  3027 | D:4      | Found a sand-covered staircase.
  3032 | Ossuary  | Entered an ossuary
  3032 | Ossuary  | Noticed a wraith
  3032 | Ossuary  | Noticed a wraith
  3032 | Ossuary  | Noticed a wraith
  3347 | Ossuary  | Noticed a wraith
  3367 | Ossuary  | Mangled by a wraith

Vault maps used:
D:1:      dpeg_arrival_short_road, minmay_hedge_maze, minmay_misc_feat_room
D:2:      lemuel_crystal_altar, ecumenical_altar_2
D:3:      grunt_temple_overflow_order_and_chaos_1, fedhas_altar_2, first_bread
D:4:      fiery_altar_vehumet, enter_ossuary_2
Ossuary:  ossuary_due_mausoleum

Skill      XL: |  1  2  3  4 |
---------------+-------------+-----
Long Blades    | 2 3 |  3.9
Dodging        | 1 2 |  2.5
Fighting       | 2 |  2.5
Armour         | |  0.5
Shields        | |  1.7
Spellcasting   | |  1.0
Fire Magic     | |  1.7
Earth Magic    | |  1.7

Action                   |  1- 3 |  4- 6 || total
-------------------------+-------+-------++-------
Melee: Falchion          |    91 |    74 ||   165
       Dagger            |       |   101 ||   101
       Kick              |       |    31 ||    31
Evoke: Deck              |       |     1 ||     1
  Use: Scroll            |       |    12 ||    12
       Potion            |       |     3 ||     3
 Stab: Sleeping          |     1 |     1 ||     2
  Eat: Chunk             |     1 |       ||     1
       Beef jerky        |       |     3 ||     3
       Fruit             |       |     5 ||     5
Armor: Robe              |    11 |    10 ||    21
       Scale mail        |       |    24 ||    24
       Ring mail         |       |    16 ||    16
Dodge: Dodged            |    50 |   100 ||   150
